 Dungeon Crawl Stone Soup version 0.24.1-14-gf8d2b509d9 (webtiles) character file.

Game seed: 17494364117052006133, levelgen mode: deterministic

25 Gildeon the Charmwright (level 3, 0/27 HPs)
             Began as a Human Skald on Apr 1, 2021.
             Slain by an orc
             ... wielding a +0 flail
              (6 damage)
             ... on level 1 of the Dungeon.
             The game lasted 00:06:02 (1130 turns).

Gildeon the Charmwright (Human Skald)               Turns: 1130, Time: 00:06:02

Health: 0/27       AC:  3    Str: 12    XL:     3   Next: 20%
Magic:  6/6        EV: 12    Int: 13    God:
Gold:   89         SH:  0    Dex: 12    Spells: 1/6 levels left

rFire    . . .     SeeInvis .   a - +0 mace
rCold    . . .     Gourm    .   (no shield)
rNeg     . . .     Faith    .   b - +0 leather armour
rPois    .         Spirit   .   (no helmet)
rElec    .         Reflect  .   (no cloak)
rCorr    .         Harm     .   (no gloves)
MR       .....                  (no boots)
Stlth    +.........             (no amulet)
HPRegen  0.09/turn              (no ring)
MPRegen  0.10/turn              (no ring)

@: no status effects
A: no striking features
a: no special abilities


You were on level 1 of the Dungeon.
You were not hungry.

You visited 1 branch of the dungeon, and saw 2 of its levels.

You collected 89 gold pieces.

Inventory:

Hand Weapons
 a - a +0 mace (weapon)
Armour
 b - a +0 leather armour (worn)
Scrolls
 e - a scroll of magic mapping {unknown}
 f - 2 scrolls of teleportation
 g - a scroll of blinking {unknown}
 h - a scroll of amnesia {unknown}
 i - a scroll of remove curse {unknown}
Comestibles
 d - 6 rations


   Skills:
 - Level 2.0 Fighting
 + Level 2.5 Maces & Flails
 - Level 1.0 Armour
 - Level 2.0 Dodging
 + Level 2.4 Spellcasting
 + Level 3.3 Charms


You had one spell level left.
You knew the following spells:

 Your Spells              Type           Power        Failure   Level  Hunger
a - Infusion              Chrm           ##..         8%          1    #......
b - Song of Slaying       Chrm           ##......     12%         2    ###....
c - Shroud of Golubria    Chrm/Tloc      #.....       24%         2    ###....

Your spell library contained the following spells:

 Spells                   Type           Power        Failure   Level  Hunger
 Regeneration             Chrm/Necr      #.........   43%         3    ###....
 Spectral Weapon          Hex/Chrm       #.......     43%         3    ###....


Dungeon Overview and Level Annotations

Branches:
Dungeon (2/15)

Altars:


Message History

There are monsters nearby!
You barely miss the orc. The orc hits you but does no damage.
The orc closely misses you. x2
You barely miss the orc. The orc barely misses you.
The orc hits you with a +0 dagger. The orc closely misses you.
The orc hits you but does no damage. The orc misses you.
You hit the orc.
The orc is severely wounded.
The orc misses you. The orc hits you with a +0 flail.
The orc hits you with a +0 dagger.
You closely miss the orc.
The orc is severely wounded.
The orc closely misses you. The orc hits you with a +0 flail.
* * * LOW HITPOINT WARNING * * *
The orc hits you with a +0 dagger.
* * * LOW HITPOINT WARNING * * *
You hit the orc.
You kill the orc!
The orc barely misses you. The orc hits you with a +0 flail.
You die...

..........# ..........#
..........# ..........#
..........# .########.# .#
#.#
.########.#################
...............o@o........#
.###...##.######)########.#
.# #...##.# #.# #.#
.###...##.######.# #.#
...............#.# #.#
.###...##.####.#.########.#
####...##.................#
..##+##..........##########
###8.8########...#


You could see 2 orcs.

Vanquished Creatures
  An adder (D:1)
  A leopard gecko (D:1)
  An orc (D:1)
  A giant cockroach (D:1)
  A goblin (D:1)
  2 hobgoblins (D:1)
  2 ball pythons (D:1)
  4 frilled lizards (D:1)
  3 kobolds
16 creatures vanquished.

Vanquished Creatures (others)
  5 toadstools (D:1)
5 creatures vanquished.

Grand Total: 21 creatures vanquished

Notes
Turn   | Place    | Note
-------+----------+-------------------------------------------
     0 | D:1      | Gildeon the Human Skald began the quest for the Orb.
     0 | D:1      | Reached XP level 1. HP: 16/16 MP: 3/3
   392 | D:1      | Reached XP level 2. HP: 20/22 MP: 5/5
   396 | D:1      | Learned a level 2 spell: Song of Slaying
   399 | D:1      | Learned a level 2 spell: Shroud of Golubria
   993 | D:1      | Reached XP level 3. HP: 15/27 MP: 4/6
  1130 | D:1      | Slain by an orc

Levels and vault maps discovered:
D:1:      ldierk_walled_garden, layout_basic, dk_noncrumbling_4,
          due_unseen_surprise
D:2:      layout_loops_corners, minmay_tall_x

Action                   || total
-------------------------++-------
Melee: Mace              ||    60
 Cast: Infusion          ||     2
  Use: Scroll            ||     1
  Eat: Chunk             ||     1
Armor: Leather armour    ||    21
Dodge: Dodged            ||    55
